 Dungeon Crawl Stone Soup version 0.26-a0-572-g753d7e3450 (webtiles) character file.

Game seed: 1440431878781733388

608 Mitsuki the Shield-Bearer (level 7, -3/62 HPs)
             Began as a Minotaur Fighter on Aug 21, 2020.
             Blown up by Ijyb (25 damage)
             ... with a disintegration bolt
             ... on level 4 of the Dungeon.
             The game lasted 00:09:39 (4027 turns).

Mitsuki the Shield-Bearer (Minotaur Fighter)        Turns: 4027, Time: 00:09:40

Health: -3/62      AC: 19    Str: 21    XL:     7   Next: 19%
Magic:  6/6        EV:  4    Int:  6    God:
Gold:   217        SH: 10    Dex: 10    Spells: 6/6 levels left

rFire    . . .     SeeInvis .   a - +0 long sword
rCold    . . .     Faith    .   c - +0 kite shield
rNeg     . . .     Spirit   .   l - +1 plate armour
rPois    .         Reflect  .   (helmet restricted)
rElec    .         Harm     .   j - +1 cloak
rCorr    .                      (no gloves)
MR       .....                  (no boots)
Stlth    ..........             (no amulet)
HPRegen  0.20/turn              b - +4 ring of protection
MPRegen  0.10/turn              (no ring)

@: lethally poisoned (-3 -> -19)
A: retaliatory headbutt, horns 2
a: no special abilities


You were on level 4 of the Dungeon.
You visited 1 branch of the dungeon, and saw 4 of its levels.
You also visited: Sewer.

You collected 217 gold pieces.

Inventory:

Hand Weapons
 a - a +0 long sword (weapon)
Missiles
 i - 3 curare-tipped darts (quivered)
Armour
 c - a +0 kite shield (worn)
 j - a +1 cloak (worn)
 l - a +1 plate armour (worn)
Jewellery
 b - a +4 ring of protection (left hand)
Scrolls
 e - 4 scrolls of identify
 f - 3 scrolls of remove curse
 g - 2 scrolls of teleportation
 h - 3 scrolls of enchant armour
 r - 2 scrolls of fog {unknown}
Potions
 d - 2 potions of might
 k - a potion of berserk rage
 m - 3 potions of brilliance {unknown}
 n - 3 potions of heal wounds
 o - 2 potions of flight
 p - 2 potions of curing {unknown}
 q - a potion of stabbing {unknown}


   Skills:
 + Level 5.9 Fighting
 + Level 5.1 Long Blades
 + Level 5.9 Armour
 + Level 5.9 Shields


You had 6 spell levels left.
You didn't know any spells.
Your spell library was empty.

Dungeon Overview and Level Annotations

Branches:
Dungeon (4/15)              Sewer (visited)
 Temple: D:4-7

Altars:
Nemelex Xobeh
Vehumet
Yredelemnul

Annotations:
D:4 Ijyb


Innate Abilities, Weirdness & Mutations

You reflexively headbutt those who attack you in melee.
You have a pair of horns on your head.


Message History

You are more poisoned.
The goblin barely misses you.
You regained 27 hp, and now have 37/62 hp.
You closely miss Ijyb. You headbutt Ijyb.
Ijyb is moderately wounded.
You feel sick.
Ijyb hits you with a +6 dagger of venom.
You are more poisoned.
The goblin hits you but does no damage.
You take 4 damage, and have 33/62 hp.
You hit Ijyb but do no damage.
Ijyb is moderately wounded.
You feel sick.
Ijyb zaps a wand.
You are blasted!
The goblin hits you with a +0 club.
You take 10 damage, and have 23/62 hp.
You slash Ijyb!
Ijyb is severely wounded.
You feel sick. Ijyb hits you but does no damage. You block the goblin's attack.
Ijyb zaps a wand.
You are blasted!
You die...

........##.#######..........#
##
......#.##.#≈≈≈≈≈#..........#
#.
........##.'≈≈.≈≈#..........#
#.
........##.#≈≈≈≈≈#..........#
#.
...........#######..........#
#.
............................#
#.
.............#.#ggg.........#
#.
............##.#gggg........#
#.
...............#@######.....#
#. ............###### ###..##
#. ................ #..# ##
............#### #.g8g8.8.
.....######## #...gg...
.....# #...g...g .....# #####
##########........ .....#
#..)# #.......##.......g
.....# #...#
#.......##........


You could see Ijyb and 6 goblins.

Vanquished Creatures
  An ogre (D:4)
  2 big kobolds (Sewer)
  A hound (D:4)
  Crazy Yiuf (D:4)
  A worker ant (D:3)
  A hound skeleton (D:4)
  14 adders
  7 river rats (Sewer)
  An ooze (D:1)
  2 dart slugs (D:2)
  A leopard gecko (D:2)
  An orc (D:3)
  6 giant cockroaches
  5 hobgoblins
  5 jackals
  2 quokkas (D:2)
  5 ball pythons
  A ball python skeleton (D:4)
  10 bats
  7 frilled lizards
  2 gnoll zombies (D:3)
  5 goblins
  22 kobolds
  27 rats
  A plant (D:2)
131 creatures vanquished.

Notes
Turn   | Place    | Note
-------+----------+-------------------------------------------
     0 | D:1      | Mitsuki the Minotaur Fighter began the quest for the Orb.
     0 | D:1      | Reached XP level 1. HP: 19/19 MP: 0/0
   122 | D:1      | Reached XP level 2. HP: 26/27 MP: 1/1
   704 | D:2      | Reached XP level 3. HP: 33/33 MP: 2/2
  1366 | D:2      | Reached XP level 4. HP: 41/41 MP: 3/3
  1381 | D:2      | Found a sparkling altar of Nemelex Xobeh.
  1854 | D:3      | Found a basalt altar of Yredelemnul.
  2173 | D:3      | Found a radiant altar of Vehumet.
  2216 | D:3      | Reached XP level 5. HP: 43/47 MP: 4/4
  2683 | D:4      | Noticed an ogre
  2700 | D:4      | Reached skill level 5 in Fighting
  2700 | D:4      | Reached skill level 5 in Armour
  2700 | D:4      | Reached skill level 5 in Shields
  2705 | D:4      | Killed an ogre
  2705 | D:4      | Reached XP level 6. HP: 41/56 MP: 5/5
  2818 | D:4      | Found a runed translucent door.
  2819 | D:4      | Noticed Crazy Yiuf
  2825 | D:4      | Killed Crazy Yiuf
  2872 | D:4      | Found a glowing drain.
  2897 | Sewer    | Entered a sewer
  3513 | Sewer    | Reached skill level 5 in Long Blades
  3513 | Sewer    | Reached XP level 7. HP: 62/62 MP: 6/6
  4002 | D:4      | Noticed Ijyb
  4027 | D:4      | Blown up by Ijyb

Illustrated notes

Levels and vault maps discovered:
D:1:      eino_arrival_cavern_a, layout_rooms
D:2:      layout_loops_ring, lemuel_doored_altar, serial_forest,
          infiniplex_forest_end_double, infiniplex_forest_end_1,
          infiniplex_forest_clump_small, infiniplex_forest_straight_3,
          infiniplex_forest_clump_C, infiniplex_forest_straight_3
D:3:      layout_rooms, lemuel_zombie_altar_yredelemnul,
          overflow_temple_1_default, ebering_dispersal_statue_hall
D:4:      kennysheep_the_goblin_king, layout_basic, gup_sewer_entry_glass,
          uniq_crazy_yiuf_cottage

Skill      XL: |  1  2  3  4  5  6 |
---------------+-------------------+-----
Fighting       | 4 5 |  5.9
Armour         | 4 5 |  5.9
Shields        | 4 5 |  5.9
Long Blades    | 3 4 5 |  5.1

Action                   |  1- 3 |  4- 6 |  7- 9 || total
-------------------------+-------+-------+-------++-------
Melee: Long sword        |   111 |   232 |    23 ||   366
       Headbutt          |    10 |    42 |     7 ||    59
  Use: Potion            |     2 |     1 |     1 ||     4
       Scroll            |       |     4 |       ||     4
Armor: Scale mail        |    60 |    28 |       ||    88
       Plate armour      |       |   114 |    12 ||   126
Dodge: Dodged            |    43 |    54 |     3 ||   100
Block: Kite shield       |    63 |   168 |    14 ||   245
       Rpst.: Long sword |     9 |    18 |     1 ||    28

Table legend: (Time is in decaauts)
 A = Elapsed time spent in this place.
 B = Non-inter-level travel time spent in this place.
 C = Inter-level travel time spent in this place.
 D = Time resting spent in this place.
 E = Time spent auto-exploring this place.
 F = Levels seen in this place.
 G = Mean time per level.
                   A        B        C        D        E       F      G
               +--------+--------+--------+--------+--------+-----+--------+
         Total |   4163 |   4076 |     87 |      7 |   2941 |   5 |  832.6 |
       Dungeon |   3273 |   3186 |     87 |      7 |   2285 |   4 |  818.2 |
         Sewer |    890 |    890 |      0 |      0 |    656 |   1 |  890.0 |
               +--------+--------+--------+--------+--------+-----+--------+

Top non-repeatable levels by time:
     D:2: 1203 daAuts
   Sewer: 890 daAuts
     D:1: 713 daAuts
     D:3: 698 daAuts
     D:4: 657 daAuts
